 Dungeon Crawl Stone Soup version 0.15.2 (webtiles) character file.

17729 bullock the Conjurer (level 12, -9/73 HPs)
             Began as a Gargoyle Wizard on Nov 22, 2014.
             Was an Elder of Vehumet.
             Mangled by a death yak simulacrum (41 damage)
             ... in an ice cave.
             The game lasted 01:05:19 (15432 turns).

bullock the Conjurer (Gargoyle Wizard)             Turns: 15432, Time: 01:05:19

HP  -9/73        AC 18     Str 12      XL: 12   Next: 51%
MP  25/38        EV 16     Int 29      God: Vehumet [****..]
Gold 655         SH  0     Dex 13      Spells:  7 memorised,  9 levels left

rFire  + . .     SeeInvis .     O - +2 whip (freeze)
rCold  . . .     Clarity  .     W - +2 leather armour {rF+}
rNeg   + . .     rCorr    .     (no shield)
rPois  +         rRot     +     A - +2 helmet {Int+3}
rElec  +         Spirit   .     G - +0 cloak {MR+}
SustAb .         Warding  .     (no gloves)
rMut   .         Stasis   .     z - +0 pair of boots
Gourm  +                        Q - amulet of the gourmand
MR     +....                    w - ring of magical power
                                P - +3 ring of intelligence

@: agile, very slightly contaminated, repel missiles, somewhat resistant to
hostile enchantments, fairly stealthy
A: negative energy resistance 1, electricity resistance, unbreathing,
petrification resistance, rot immunity, AC +8
a: Renounce Religion


You were in an ice cave.
You worshipped Vehumet.
Vehumet was greatly pleased with you.
You were full.

You visited 3 branches of the dungeon, and saw 14 of its levels.
You also visited: Ice Cave.

You collected 655 gold pieces.

Inventory:

Hand weapons
 O - a +2 whip of freezing (weapon)
Armour
 y - a +0 buckler
 z - a +0 pair of boots (worn)
 A - a +2 helmet of intelligence (worn)
 G - a +0 cloak of magic resistance (worn)
 W - a +2 leather armour of fire resistance (worn)
Magical devices
 s - a wand of invisibility (4)
 F - a wand of confusion (0)
 M - a wand of enslavement (7)
 N - a wand of fireball (9)
Comestibles
 d - 6 bread rations
 f - 2 slices of pizza
 t - 4 fruits
 u - 7 meat rations
 E - 4 beef jerkies
 T - 7 royal jellies
Scrolls
 l - 3 scrolls of amnesia
 m - 3 scrolls of blinking
 p - a scroll of teleportation
 r - 2 scrolls of fear
 x - a scroll of recharging
 B - a scroll of fog
 D - a scroll of immolation
 R - 3 scrolls of remove curse
 U - a scroll of silence
Jewellery
 h - an uncursed ring of regeneration
 w - a ring of magical power (right hand)
 P - a +3 ring of intelligence (left hand)
 Q - an amulet of the gourmand (around neck)
 V - a +3 ring of slaying
Potions
 a - 2 potions of restore abilities
 b - 3 potions of mutation
 e - a potion of cancellation {unknown}
 k - 2 potions of curing
 n - 2 potions of haste
 q - a potion of resistance {unknown}
 v - a potion of magic {unknown}
 C - a potion of brilliance {unknown}
 J - 3 potions of heal wounds
 K - a potion of beneficial mutation {unknown}
Books
 c - a book of Minor Magic

   Spells                             Type                      Level
   *Magic Dart                        Conjuration                  1
   *Blink                             Translocation                2
   Call Imp                           Summoning                    2
   *Repel Missiles                    Charms/Air                   2
   Slow                               Hexes                        2
   *Conjure Flame                     Conjuration/Fire             3
   *Mephitic Cloud                    Conjuration/Poison/Air       3
 H - a book of Death

   Spells                             Type                      Level
   Corpse Rot                         Necromancy                   2
   Sublimation of Blood               Necromancy                   2
   Agony                              Necromancy                   5
   Dispel Undead                      Necromancy                   5
   Excruciating Wounds                Charms/Necromancy            5
   *Bolt of Draining                  Conjuration/Necromancy       5
 Z - a book of Callings

   Spells                             Type                      Level
   Summon Small Mammal                Summoning                    1
   Call Imp                           Summoning                    2
   Call Canine Familiar               Summoning                    3
   Summon Guardian Golem              Hexes/Summoning              4
   Summon Lightning Spire             Summoning/Air                4
   Summon Ice Beast                   Ice/Summoning                4
Miscellaneous
 X - a fan of gales


   Skills:
 + Level 7.8 Fighting
 - Level 1.5 Dodging
 - Level 2.1 Stealth
 - Level 5.0 Shields
 + Level 8.7 Spellcasting
 + Level 11.4 Conjurations
   Level 0.8 Summonings
 - Level 6.0 Necromancy
 - Level 5.0 Translocations
 * Level 4.6 Earth Magic
 + Level 7.0 Evocations


You had 9 spell levels left.
You knew the following spells:

 Your Spells              Type           Power        Failure   Level  Hunger
a - Stone Arrow           Conj/Erth      ######       1%          3    None
b - Magic Dart            Conj           ####         1%          1    None
e - Bolt of Draining      Conj/Necr      ######....   1%          5    ###....
f - Conjure Flame         Conj/Fire      #####...     1%          3    None
q - Blink                 Tloc           N/A          1%          2    None
r - Mephitic Cloud        Conj/Pois/Air  ####....     1%          3    None
v - Repel Missiles        Chrm/Air       ##....       10%         2    None


Dungeon Overview and Level Annotations

Branches:
Dungeon (11/15)            Temple (1/1) D:7             Orc (0/4) D:11
   Lair (2/8) D:10

Altars:
Ashenzari
Cheibriados
Dithmenos
Elyvilon
Fedhas
Kikubaaqudgha
Makhleb
Nemelex Xobeh
Okawaru
Qazlal
Sif Muna
Trog
Vehumet
Xom
Yredelemnul
Zin
The Shining One

Shops:
D:9 (


Innate Abilities, Weirdness & Mutations

You are resistant to torment.
You are immune to poison.
Your stone body is very resilient (AC +8).
You resist negative energy.
You are resistant to electric shocks.
You can survive without breathing.
You are immune to petrification.
You are immune to rotting.


Message History

Unknown command.
Casting: Conjure Flame
Confirm with . or Enter, or press ? or * to list all spells.
Aiming: Stone Arrow
Press: ? - help, Shift-Dir - straight line, f - alligator simulacrum
Aim: an alligator simulacrum (flame)
The stone arrow hits the alligator simulacrum.
The alligator simulacrum vapourises!
Vehumet accepts your kill.
You feel your power returning.
Casting: Stone Arrow
Confirm with . or Enter, or press ? or * to list all spells.
Aiming: Stone Arrow
Press: ? - help, Shift-Dir - straight line, f - death yak simulacrum
Aim: a death yak simulacrum (flame)
The stone arrow hits the death yak simulacrum.
The death yak simulacrum is engulfed in roaring flames.
The death yak simulacrum gores you! The death yak simulacrum freezes you!!!
Ouch! That really hurt!
You die...

#### ##..##
###....##
...##..§....#
#......Z@.∩.#
##.....§....#
##..##....##
## ##..##
####


You could see a death yak simulacrum.

Vanquished Creatures
  Erolcha (D:11)
  2 hill giants (D:11)
  An unseen horror (D:11)
  Pikel (D:7)
  The ghost of monstruo the Basher, an experienced MiBe of Trog (D:6)
  A manticore (D:7)
  2 slime creatures (D:8)
  An ugly thing (D:11)
  A black mamba (Lair:1)
  Psyche (D:10)
  A centaur skeleton (D:11)
  2 spiny frogs
  A komodo dragon (Lair:1)
  A hydra zombie (D:11)
  A queen bee (D:8)
  Grinder (D:5)
  2 polar bears (D:8)
  A wolf spider simulacrum (IceCv)
  2 two-headed ogres
  A griffon skeleton (D:10)
  A basilisk (Lair:2)
  3 hippogriffs
  A hill giant zombie (D:5)
  A hungry ghost (D:11)
  11 yaks
  A wolf (D:8)
  A tengu zombie (D:11)
  5 orc warriors
  3 porcupines
  3 water moccasins
  6 ice beasts
  2 phantoms
  3 sky beasts
  2 necrophages
  3 ogres
  7 centaurs
  2 alligator simulacra (IceCv)
  6 crocodiles
  6 giant frogs
  A big kobold (D:8)
  A komodo dragon skeleton (D:11)
  A hippogriff zombie (D:8)
  9 scorpions
  A yak zombie (D:11)
  16 killer bees (D:8)
  5 electric eels (D:8)
  A jelly (D:8)
  3 crimson imps
  A goliath beetle (D:6)
  Crazy Yiuf (D:5)
  An orc priest (D:9)
  A giant frog zombie (D:6)
  7 hounds
  A black bear skeleton (D:8)
  21 orc wizards
  4 iguanas
  10 worker ants
  Jessica (D:6)
  A mottled dragon zombie (D:11)
  3 gnolls (D:8)
  9 adders
  14 green rats
  An orc skeleton (D:9)
  A shadow imp (D:9)
  2 sky beast simulacra (D:8)
  3 white imps (D:8)
  2 worms
  3 ufetubi (D:8)
  2 orc zombies (D:9)
  8 giant geckos
  51 orcs
  3 ball pythons
  17 bats
  A bat skeleton (D:5)
  3 giant cockroaches
  10 goblins
  15 hobgoblins
  10 jackals
  22 kobolds
  7 quokkas
  10 giant newts
  A giant spore (D:7)
  A goblin skeleton (D:4)
  A goblin zombie (D:5)
  A hobgoblin skeleton (D:4)
  12 rats
  A rat skeleton (D:8)
  A ballistomycete (D:7)
  A plant (D:10)
395 creatures vanquished.

Vanquished Creatures (others)
  A slave (D:7)
  A killer bee (D:8)
  An orc (D:7)
  A bat (D:7)
  3 jackals (D:7)
  An orc skeleton (D:7)
  An orc zombie (D:7)
  A fungus (D:10)
10 creatures vanquished.

Grand Total: 405 creatures vanquished

Notes
Turn   | Place    | Note
--------------------------------------------------------------
     0 | D:1      | bullock, the Gargoyle Wizard, began the quest for the Orb.
     0 | D:1      | Reached XP level 1. HP: 10/10 MP: 4/4
   393 | D:1      | Reached XP level 2. HP: 13/15 MP: 6/6
   397 | D:1      | Learned a level 2 spell: Blink
   400 | D:1      | Learned a level 2 spell: Repel Missiles
  1102 | D:2      | Reached XP level 3. HP: 19/19 MP: 0/8
  1626 | D:2      | Reached XP level 4. HP: 20/24 MP: 5/10
  1861 | D:3      | Found an iron altar of Okawaru.
  2370 | D:3      | Reached skill level 4 in Conjurations
  2526 | D:3      | Found a burning altar of Makhleb.
  2672 | D:3      | Reached XP level 5. HP: 25/28 MP: 4/12
  3088 | D:4      | Reached skill level 5 in Conjurations
  3114 | D:4      | Found a white marble altar of Elyvilon.
  3114 | D:4      | Found a glowing golden altar of the Shining One.
  3118 | D:4      | Found a glowing silver altar of Zin.
  3179 | D:4      | Reached XP level 6. HP: 27/32 MP: 8/15
  3230 | D:4      | Learned a level 3 spell: Mephitic Cloud
  3433 | D:4      | Reached skill level 6 in Conjurations
  3572 | D:4      | Found a blossoming altar of Fedhas.
  3774 | D:4      | Reached XP level 7. HP: 33/36 MP: 9/17
  3911 | D:4      | Noticed a phantom
  3926 | D:4      | Killed a phantom
  4290 | D:5      | Entered Level 5 of the Dungeon
  4294 | D:5      | Reached skill level 7 in Conjurations
  4443 | D:5      | Reached skill level 5 in Spellcasting
  4448 | D:5      | Learned a level 3 spell: Conjure Flame
  4734 | D:5      | Noticed Grinder
  4748 | D:5      | Killed Grinder
  4748 | D:5      | Reached skill level 8 in Conjurations
  4748 | D:5      | Reached XP level 8. HP: 39/41 MP: 16/20
  5092 | D:5      | Noticed Crazy Yiuf
  5112 | D:5      | Paralysed by Crazy Yiuf for 3 turns
  5142 | D:5      | Killed Crazy Yiuf
  5304 | D:6      | Noticed monstruo's ghost (experienced MiBe)
  5582 | D:6      | Learned a level 5 spell: Bolt of Draining
  5666 | D:6      | Found a bloodstained altar of Trog.
  5698 | D:6      | Killed monstruo's ghost
  5698 | D:6      | Reached skill level 1 in Fighting
  5698 | D:6      | Reached skill level 9 in Conjurations
  5698 | D:6      | Reached skill level 1 in Evocations
  5786 | D:6      | Reached XP level 9. HP: 29/48 MP: 23/23
  6289 | D:6      | Found a sparkling altar of Nemelex Xobeh.
  6289 | D:6      | Noticed Jessica
  6294 | D:6      | Killed Jessica
  6500 | D:7      | Noticed Pikel
  6508 | D:7      | Killed Pikel
  6821 | D:7      | Noticed a manticore
  6830 | D:7      | Killed a manticore
  6830 | D:7      | Reached skill level 5 in Translocations
  7085 | D:7      | Reached XP level 10. HP: 56/56 MP: 22/24
  7169 | D:7      | Found a staircase to the Ecumenical Temple.
  7270 | D:7      | Found a shimmering altar of Xom.
  7301 | D:7      | Reached skill level 1 in Necromancy
  7505 | D:8      | Reached skill level 10 in Conjurations
  8330 | D:8      | Reached skill level 5 in Evocations
  8352 | D:8      | Reached skill level 5 in Fighting
  9012 | D:8      | Reached XP level 11. HP: 54/64 MP: 7/27
  9764 | Temple   | Entered the Ecumenical Temple
  9877 | Temple   | Became a worshipper of Vehumet
 10179 | D:9      | Found Gokkoilo's Weapon Boutique.
 10411 | D:9      | Reached skill level 1 in Shields
 10674 | D:9      | Acquired Vehumet's first power
 10674 | D:9      | Offered knowledge of Sting by Vehumet.
 10942 | D:9      | Found a shadowy altar of Dithmenos.
 11126 | D:9      | Reached skill level 5 in Necromancy
 11506 | D:9      | Offered knowledge of Throw Frost by Vehumet.
 11523 | D:10     | Entered Level 10 of the Dungeon
 11570 | D:10     | Found a shattered altar of Ashenzari.
 11730 | D:10     | Found a staircase to the Lair.
 12150 | D:10     | Noticed Psyche
 12152 | D:10     | Killed Psyche
 12544 | D:11     | Offered knowledge of Static Discharge by Vehumet.
 12547 | D:11     | Noticed Erolcha
 12619 | D:11     | Killed Erolcha
 12625 | D:11     | Reached skill level 11 in Conjurations
 12815 | D:11     | Acquired Vehumet's second power
 12939 | D:11     | Noticed a hill giant
 12942 | D:11     | Killed a hill giant
 13105 | D:11     | Noticed a hill giant
 13107 | D:11     | Killed a hill giant
 13190 | D:11     | Found a staircase to the Orcish Mines.
 13222 | D:11     | Reached skill level 5 in Shields
 13222 | D:11     | Reached XP level 12. HP: 71/71 MP: 10/28
 13517 | D:11     | Offered knowledge of Stone Arrow by Vehumet.
 13522 | D:11     | Learned a level 3 spell: Stone Arrow
 13592 | D:11     | Killed an unseen horror
 13592 | D:11     | Reached skill level 1 in Earth Magic
 13939 | Lair:1   | Entered Level 1 of the Lair of Beasts
 14629 | Lair:1   | Acquired Vehumet's third power
 15018 | Lair:1   | Offered knowledge of Force Lance by Vehumet.
 15331 | Lair:2   | Identified a scroll of acquirement
 15332 | Lair:2   | Got a polished lajatang
 15338 | Lair:2   | Identified the +5 lajatang "Faatoskun" {distort, rF+ Str+3} (You acquired it on level 2 of the Lair of Beasts)
 15419 | Lair:2   | Found a frozen archway.
 15424 | IceCv    | Entered an ice cave
 15432 | IceCv    | Mangled by a death yak simulacrum

Action                   |  1- 3 |  4- 6 |  7- 9 | 10-12 || total
-------------------------+-------+-------+-------+-------++-------
Melee: Short sword       |    25 |       |       |       ||    25
       Whip              |       |    10 |    44 |   183 ||   237
 Cast: Magic Dart        |    78 |   167 |   295 |   561 ||  1101
       Repel Missiles    |     2 |     2 |       |     1 ||     5
       Mephitic Cloud    |       |     1 |     8 |    20 ||    29
       Conjure Flame     |       |       |    15 |    28 ||    43
       Blink             |       |       |    10 |     5 ||    15
       Bolt of Draining  |       |       |       |    77 ||    77
       Stone Arrow       |       |       |       |    52 ||    52
Evoke: Wand              |       |     1 |       |     5 ||     6
  Use: Scroll            |       |     1 |       |    23 ||    24
       Potion            |       |       |     1 |     2 ||     3
 Stab: Confused          |       |       |       |     2 ||     2
  Eat: Chunk             |     2 |     6 |    10 |    48 ||    66
       Pizza             |       |       |     1 |       ||     1
       Fruit             |       |       |     1 |       ||     1
